 Dungeon Crawl Stone Soup version 0.32-a0-172-gc5dd13f2a7 (webtiles) character file.

Game seed: 2094577888979410591

777 Sabo the Covert (level 7, -5/46 HPs)
             Began as an Octopode Brigand on Feb 11, 2024.
             Was a Follower of Dithmenos.
             Slain by an ice beast (8 damage)
             ... on level 6 of the Dungeon on Feb 12, 2024.
             The game lasted 00:35:41 (6385 turns).

Sabo the Covert (Octopode Brigand)                  Turns: 6385, Time: 00:35:42

Health: -5/46      AC:  1    Str: 13    XL:     7   Next: 84%
Magic:  7/7        EV: 14    Int: 13    God:    Dithmenos [*.....]
Gold:   392        SH:  4    Dex: 19    Spells: 5/6 levels left

rFire   + . .        r - +3 short sword
rCold   . . .        m - +0 buckler
rNeg    . . .        (helmet restricted)
rPois   .            C - amulet of regeneration
rElec   .            x - ring of see invisible
rCorr   .            A - ring of protection from fire
SInv    +            f - +6 ring of dexterity
Will    .....        (no ring)
Stlth   ++++++       (no ring)
HPRegen 1.07/turn    (no ring)
MPRegen 0.10/turn    (no ring)
                     (no ring)

%: no passive effects
@: wreathed by umbra
A: almost no armour, amphibious, 8 rings, camouflage 1, gelatinous body 1,
(nimble swimmer 1), tentacles
a: Renounce Religion


You were on level 6 of the Dungeon.
You worshipped Dithmenos.
Dithmenos was aware of your devotion.
You visited 2 branches of the dungeon, and saw 7 of its levels.

You collected 392 gold pieces.

Inventory:

Hand Weapons
 r - a +3 short sword (weapon)
 D - a +2 whip of venom
 F - a +0 war axe
 H - a +2 heavy hand axe
Missiles
 b - 16 poisoned darts (quivered)
 c - 3 curare-tipped darts
 B - 2 throwing nets
Armour
 m - a +0 buckler (worn)
Magical Staves
 p - a staff of air
Jewellery
 f - a +6 ring of dexterity (on tentacle)
 q - an amulet of the acrobat
 x - a ring of see invisible (left tentacle)
 A - a ring of protection from fire (right tentacle)
 C - an amulet of regeneration (around mantle)
Talismans
 d - a serpent talisman
 n - a flux talisman
Wands
 w - a wand of roots (10)
 y - a wand of digging (7)
 J - a wand of flame (25)
Scrolls
 j - 2 scrolls of revelation
 k - 3 scrolls of fear
 l - 2 scrolls of summoning
 t - 2 scrolls of teleportation {unknown}
 u - a scroll of poison {unknown}
 E - a scroll of enchant armour {unknown}
 G - a scroll of amnesia {unknown}
Potions
 e - a potion of ambrosia {unknown}
 g - a potion of might {unknown}
 h - 2 potions of curing
 i - 2 potions of heal wounds {unknown}
 o - a potion of haste {unknown}
 s - a potion of lignification {unknown}
 v - 2 potions of berserk rage {unknown}
 z - a potion of degeneration {unknown}
 I - a potion of mutation {unknown}


   Skills:
 + Level 3.2 Fighting
 + Level 4.5 Short Blades
 + Level 2.1 Throwing
 + Level 3.3 Dodging
 + Level 8.4 Stealth
 * Level 3.1 Shapeshifting


You had 5 spell levels left.
You knew the following spells:

 Your Spells              Type           Power      Damage    Failure   Level
a - Necrotise             Necr           0%         1d4       41%         1

Your spell library contained the following spells:

 Spells                   Type           Power      Damage    Failure   Level
 Vampiric Draining        Necr           0%         2d6       78%         3
 Martyr's Knell           Necr/Summ      0%         N/A       99%         4
 Curse of Agony           Necr           0%         N/A       100%        5


Dungeon Overview and Level Annotations

Branches:
Dungeon (6/15)             Temple (1/1) D:4

Altars:
Ashenzari
Cheibriados
Dithmenos
Elyvilon
Fedhas
Gozag
Kikubaaqudgha
Makhleb
Nemelex Xobeh
Okawaru
Qazlal
Ru
Sif Muna
Trog
Vehumet
Wu Jian
Xom
Zin
The Shining One

Shops:
D:4 *

Annotations:
D:6 Dowan, Duvessa


Innate Abilities, Weirdness & Mutations

You cannot wear most types of armour.
You are amphibious.
You can wear up to eight rings at the same time.
Your skin changes colour to match your surroundings (Stealth+).
Your rubbery body absorbs attacks. (AC +1, EV +1)
((You are camouflaged when in or above water. (Stealth+)))
You have tentacles for arms and can constrict up to eight enemies at once.


Message History

The ice beast is heavily wounded.
The ice beast hits you. The ice beast freezes you.
The orc hits you with a +0 short sword. The orc barely misses you.
You hit the ice beast.
The ice beast is heavily wounded.
The orc barely misses you. The ice beast misses you.
You block the orc's attack.
You hit the ice beast. You squeeze the ice beast.
The ice beast is severely wounded.
The ice beast hits you. The ice beast freezes you. The orc misses you.
The orc hits you with a +0 club.
* * * LOW HITPOINT WARNING * * *
You hit the ice beast. Your squeeze misses the ice beast.
The ice beast is severely wounded.
The orc closely misses you. The ice beast closely misses you.
The orc hits you with a +0 club.
* * * LOW HITPOINT WARNING * * *
You closely miss the ice beast. Your squeeze misses the ice beast.
The ice beast is severely wounded.
The orc completely misses you. The ice beast completely misses you.
The orc closely misses you.
A gnoll bouda comes into view. It is wielding a +0 whip.
You hit the ice beast but do no damage. You squeeze the ice beast.
The ice beast is almost dead.
You hit the ice beast but do no damage.
The ice beast is almost dead.
The ice beast misses you. You block the orc's attack.
The orc hits you with a +0 club.
* * * LOW HITPOINT WARNING * * *
The gnoll bouda barks out a call to the hunt!
You hear a shout! x3
You hit the ice beast.
You squeeze the ice beast, but do no damage.
The ice beast is almost dead.
The orc hits you with a +0 short sword.
* * * LOW HITPOINT WARNING * * *
The ice beast hits you.
* * * LOW HITPOINT WARNING * * *
The ice beast freezes you!
You die...

#....###...........
###..................
#...##..........F....
##..##...#...........
#.....###...<.......
#####....####.....^....
##..#...F...##......ee..
#.!.....o........##.....
##>.>.o@Yo.....####.....
##$..###........##....#
#....... ...............
#........
...g.........#.
#....##....(..........<#
#..... .............#..#
##..## ..o........ #....
..# ....J....# #...#.
#h.##.


You could see an ice beast, a bullfrog, a gnoll bouda and 3 orcs.

Vanquished Creatures
  A black bear (D:4)
  A phantom (D:5)
  2 electric eels (D:5)
  2 hounds
  An orc priest (D:3)
  A gnoll bouda (D:5)
  An iguana (D:5)
  4 orc wizards
  7 gnolls
  12 adders
  A shadow imp (D:3)
  2 ufetubi (D:5)
  A dart slug (D:2)
  8 ribbon worms
  12 orcs
  4 endoplasms
  2 giant cockroaches
  6 goblins
  10 hobgoblins
  6 quokkas
  4 ball pythons
  5 bats
  3 frilled lizards (D:2)
  6 kobolds
  4 rats
106 creatures vanquished.

Notes
Turn   | Place    | Note
-------+----------+-------------------------------------------
     0 | D:1      | Sabo the Octopode Brigand began the quest for the Orb.
     0 | D:1      | Reached XP level 1. HP: 14/14 MP: 1/1
   286 | D:1      | Reached XP level 2. HP: 19/19 MP: 2/2
   539 | D:1      | Reached skill level 6 in Stealth
   614 | D:1      | Reached XP level 3. HP: 24/24 MP: 3/3
  1317 | D:2      | Reached skill level 1 in Shapeshifting
  1853 | D:2      | Reached XP level 4. HP: 30/30 MP: 4/4
  2516 | D:3      | Found an ancient bone altar of Kikubaaqudgha.
  2559 | D:3      | Found an ornate altar of the Wu Jian Council.
  2874 | D:3      | Reached XP level 5. HP: 25/35 MP: 5/5
  2893 | D:3      | Reached skill level 7 in Stealth
  3243 | D:3      | Found a shadowy altar of Dithmenos.
  3264 | D:3      | Became a worshipper of Dithmenos the Shadowed
  3661 | D:4      | Noticed a black bear
  3668 | D:4      | Killed a black bear
  3669 | D:4      | Reached XP level 6. HP: 21/41 MP: 6/6
  4154 | D:4      | Found Bigubia's Elemental Accessories.
  4361 | D:4      | Found a blossoming altar of Fedhas.
  4588 | D:4      | Found a staircase to the Ecumenical Temple.
  4597 | Temple   | Entered the Ecumenical Temple
  4732 | D:5      | Entered Level 5 of the Dungeon
  4774 | D:5      | Found a transporter.
  4786 | D:5      | Found a stormy altar of Qazlal.
  4965 | D:5      | Reached XP level 7. HP: 27/45 MP: 7/7
  4967 | D:5      | Reached * piety under Dithmenos
  5115 | D:5      | Learned a level 1 spell: Necrotise
  5337 | D:5      | Reached skill level 8 in Stealth
  5497 | D:5      | HP: 1/46 [poisoned by an orc]
  5835 | D:5      | Found a transporter.
  6127 | D:5      | Upgraded the game from 0.32-a0-163-g159c032296 to
                  | 0.32-a0-172-gc5dd13f2a7
  6135 | D:6      | Noticed Duvessa
  6135 | D:6      | Noticed Dowan
  6385 | D:6      | Slain by an ice beast

Illustrated notes

Levels and vault maps discovered:
D:1:      tarquinn_simple_flora_water_d, layout_loops_cross,
          minmay_gold_behind_fungi, chequers_serial_rivers_micro_e,
          dreamdust_princess_corridor
D:2:      minmay_razor_zed, layout_basic, corexii_corridor_pit
D:3:      layout_basic, nzn_wu_jian_contemplation, kiku_gazebo_garden_becter,
          nicolae_dithmenos_shadow_blocks, nicolae_wormholes
D:4:      layout_loops_ring, fedhas_altar_1, minmay_temple_entry_fiery,
          palyth_stone_intersect, nicolae_elemental_shop, eino_curves_04
D:5:      gammafunk_steamed_eel, layout_basic, nicolae_qazlal_scattered_showers,
          nicolae_half_adder
D:6:      layout_cave_pools, serial_shops, nicolae_inconvenience_store,
          eino_tiny_chamber, uniq_pikel, uniq_sigmund, uniq_duvessa
Temple:   zaba_magenta_temple

Skill      XL: |  1  2  3  4  5  6  7 |
---------------+----------------------+-----
Stealth        | 6 7 8 |  8.4
Shapeshifting  | 1 2 3 |  3.1
Dodging        | 2 3 |  3.3
Short Blades   | 3 4 |  4.5
Fighting       | 3 |  3.2
Throwing       | |  2.1

Action                     |  1- 3 |  4- 6 |  7- 9 || total
---------------------------+-------+-------+-------++-------
  Melee: Dagger            |    55 |    47 |       ||   102
         Constrict         |    15 |    29 |    15 ||    59
         Tentacles         |    13 |    29 |    20 ||    62
         Short sword       |       |    88 |    71 ||   159
         Punch             |       |       |     1 ||     1
    Use: Scroll            |     3 |     3 |     1 ||     7
         Potion            |       |       |     2 ||     2
   Stab: Sleeping          |    10 |     9 |     5 ||    24
         Distracted        |     1 |       |       ||     1
 Armour: Skin              |    20 |    45 |    38 ||   103
  Dodge: Dodged            |    36 |    74 |    36 ||   146
  Block: Buckler           |       |     3 |     4 ||     7
         Form:             |     1 |       |       ||     1
         Serpent           |     1 |       |       ||     1

Table legend: (Time is in decaauts)
 A = Elapsed time spent in this place.
 B = Non-inter-level travel time spent in this place.
 C = Inter-level travel time spent in this place.
 D = Time resting spent in this place.
 E = Time spent auto-exploring this place.
 F = Levels seen in this place.
 G = Mean time per level.
                   A        B        C        D        E       F      G
               +--------+--------+--------+--------+--------+-----+--------+
         Total |   6348 |   6348 |      0 |    966 |      0 |   7 |  906.9 |
       Dungeon |   6344 |   6344 |      0 |    966 |      0 |   6 | 1057.3 |
        Temple |      3 |      3 |      0 |      0 |      0 |   1 |    3.0 |
               +--------+--------+--------+--------+--------+-----+--------+

Top non-repeatable levels by time:
     D:5: 1526 daAuts
     D:2: 1497 daAuts
     D:4: 1149 daAuts
     D:3: 1149 daAuts
     D:1: 953 daAuts
     D:6: 69 daAuts
  Temple: 3 daAuts
